Map: Persephone LE

Players

Reynor - Winner!

  • Race: Zerg Zerg
  • Spawn Location: 7:00

SHIN

  • Race: Zerg Zerg
  • Spawn Location: 11:00

Event: Esports World Cup 2025

VOD

Have the link to the VOD?

Description

Time

  • Played on: July 22, 2025, 10:47 a.m.
  • Length: 13:15

All games in this series

Show
View Real Time Build Order
Export as new Build Order

Reynor Zerg - Winner!

Build Orders: Hatch First, Lurkers 

Get SALT Encoding   

  12  0:00  Drone  
  13  0:08  Drone  
  14  0:15  Drone, Extractor  
  15  0:21  Overlord  
  15  0:40  Drone  
  16  0:45  Hatchery  
  16  0:48  Drone  
  16  0:52  Drone  
  17  1:07  Spawning Pool  
  17  1:09  Drone  
  17  1:11  Extractor  
  17  1:14  Drone  
  17  1:18  Drone  
  18  1:26  Drone  
  19  1:54  Zergling x4  
  19  1:56  Queen  
  19  1:57  Zergling x2, Queen  
  26  2:09  Zergling x2  
  27  2:26  Spine Crawler  
  23  2:30  Zergling x2  
  21  2:39  Zergling x4  
  22  2:46  Drone  
  22  2:47  Drone  
  24  2:52  Drone  
  23  3:04  Drone  
  22  3:10  Drone  
  23  3:15  Drone  
  23  3:19  Drone  
  25  3:23  Drone  
  25  3:26  Drone  
  27  3:30  Drone  
  28  3:38  Overlord  
  27  3:50  Overlord  
  27  3:51  Metabolic Boost  
  27  3:57  Drone  
  27  3:58  Drone  
  27  4:02  Drone  
  30  4:05  Drone  
  30  4:07  Drone  
  31  4:13  Baneling Nest  
  31  4:16  Drone  
  31  4:19  Drone  
  31  4:21  Drone  
  33  4:25  Drone  
  33  4:28  Drone  
  35  4:31  Overlord  
  35  4:36  Zergling x2  
  35  4:37  Zergling x2  
  37  4:39  Drone  
  37  4:41  Drone  
  37  4:44  Drone  
  37  4:45  Drone  
  41  4:49  Overlord  
  41  4:51  Drone  
  42  4:53  Drone  
  42  4:59  Zergling x4  
  45  5:00  Drone  
  46  5:08  Hatchery  
  46  5:13  Drone  
  46  5:15  Evolution Chamber  
  46  5:16  Drone x2  
  46  5:18  Overlord  
  46  5:21  Drone  
  48  5:24  Drone  
  48  5:27  Zergling x2  
  50  5:30  Queen  
  50  5:35  Overlord  
  52  5:40  Zerg Ground Armor Level 1  
  52  5:44  Drone x3  
  52  5:45  Drone  
  52  5:47  Drone  
  57  5:52  Roach Warren  
  57  5:54  Drone  
  57  5:56  Drone  
  58  5:58  Drone  
  58  5:59  Drone  
  58  6:03  Extractor  
  59  6:04  Overlord  
  59  6:06  Drone x2  
  59  6:07  Drone  
  59  6:10  Baneling  
  59  6:11  Drone x2  
  64  6:21  Overlord  
  64  6:22  Drone x2  
  64  6:24  Lair  
  65  6:32  Zergling x6  
  68  6:33  Zergling x2  
  68  6:35  Zergling x2, Extractor, Roach x3  
  68  6:38  Zergling x4  
  68  6:39  Zergling x2  
  76  6:42  Overlord  
  76  6:45  Queen  
  78  6:48  Drone  
  78  6:50  Drone  
  78  6:52  Drone  
  79  6:55  Overlord  
  79  6:56  Drone x3  
  83  7:01  Roach  
  83  7:03  Roach x3  
  89  7:08  Roach x2  
  89  7:09  Spore Crawler  
  89  7:12  Extractor, Roach, Spore Crawler  
  92  7:17  Drone x3, Spore Crawler  
  92  7:21  Glial Reconstitution, Roach  
  96  7:24  Roach  
  96  7:27  Roach  
  96  7:29  Overlord  
  100  7:32  Roach x2  
  100  7:35  Roach  
  106  7:38  Drone x2  
  106  7:39  Roach  
  106  7:42  Overlord  
  106  7:43  Drone x3  
  113  7:48  Hydralisk Den  
  112  7:53  Drone x2  
  112  7:54  Overlord x2  
  112  7:57  Spore Crawler  
  113  7:58  Extractor  
  113  7:59  Drone x2, Extractor  
  113  8:01  Zerg Missile Weapons Level 1  
  113  8:03  Roach  
  113  8:04  Roach  
  116  8:07  Roach  
  116  8:12  Roach x2  
  121  8:13  Drone x3  
  121  8:15  Drone x2  
  126  8:21  Overlord  
  126  8:24  Lurker Den  
  126  8:26  Roach x2  
  128  8:30  Overlord  
  128  8:32  Roach  
  128  8:33  Overseer  
  130  8:39  Overlord  
  130  8:43  Roach  
  130  8:44  Roach x3  
  130  8:45  Overlord  
  138  8:53  Hydralisk x4  
  138  8:55  Roach x2  
  144  9:01  Roach x2  
  144  9:02  Roach  
  148  9:06  Overlord  
  148  9:08  Roach x3  
  148  9:09  Roach  
  156  9:10  Drone  
  156  9:16  Muscular Augments  
  157  9:17  Roach  
  157  9:18  Roach  
  157  9:20  Overlord  
  157  9:24  Lurker  
  162  9:29  Lurker  
  163  9:32  Overlord  
  163  9:40  Lurker, Hatchery  
  163  9:41  Lurker  
  163  9:43  Roach  
  163  9:45  Roach, Spore Crawler  
  167  9:57  Hydralisk x4  
  167  9:59  Overlord  
  175  10:05  Zerg Missile Weapons Level 2  
  175  10:08  Drone x2  
  177  10:15  Overlord, Infestation Pit  
  177  10:17  Hydralisk  
  177  10:20  Roach  
  177  10:21  Roach x2  
  184  10:29  Overlord x2  
  184  10:30  Overlord  
  184  10:33  Roach x4  
  187  10:39  Roach x7  
  187  10:42  Roach  
  187  10:45  Roach  
  187  10:48  Roach x3  
  185  10:50  Roach x3  
  185  10:54  Roach x3  
  185  10:58  Queen  
  185  11:01  Roach x2  
  185  11:04  Roach  
  193  11:06  Roach  
  193  11:09  Roach  
  193  11:10  Roach  
  185  11:17  Hydralisk x2  
  174  11:22  Roach x3  
  174  11:24  Hive  
  178  11:26  Roach x2  
  178  11:27  Roach  
  178  11:30  Roach  
  186  11:36  Roach x3  
  186  11:39  Roach  
  196  11:40  Roach  
  196  11:46  Roach x2  
  198  11:53  Roach x2  
  198  11:56  Roach  
  198  12:00  Roach x3  
  198  12:01  Roach  
  197  12:02  Roach x2  
  197  12:03  Roach  
  197  12:04  Roach x2  
  197  12:07  Roach  
  176  12:09  Roach x2  
  176  12:12  Roach  
  176  12:15  Roach x2  
  168  12:20  Roach x3  
  168  12:22  Roach  
  160  12:23  Roach  
  160  12:26  Roach x2  
  160  12:28  Roach  
  152  12:30  Roach  
  152  12:33  Roach  
  152  12:35  Roach  
  152  12:37  Roach  
  150  12:40  Roach x2  
  150  12:46  Roach x3  
  150  12:51  Roach x3  
  158  12:53  Roach  
Show
View Real Time Build Order
Export as new Build Order

SHIN Zerg 

Build Orders: 1 Base Baneling Bust, Pool First 

Get SALT Encoding   

  12  0:17  Spawning Pool  
  11  0:22  Drone  
  11  0:26  Drone  
  13  0:30  Drone  
  14  0:36  Extractor  
  14  0:40  Overlord  
  13  1:03  Zergling x4  
  15  1:05  Zergling x2  
  16  1:18  Zergling x2  
  17  1:19  Baneling Nest  
  16  1:27  Zergling x2  
  17  1:37  Zergling x2  
  18  1:48  Zergling x2  
  18  1:50  Hatchery  
  18  1:59  Zergling x2  
  19  2:04  Baneling x2  
  19  2:10  Zergling x2  
  20  2:23  Zergling x2  
  20  2:36  Zergling x2  
  21  2:40  Queen  
  21  2:48  Drone  
  19  2:59  Drone  
  19  3:03  Drone  
  19  3:08  Drone  
  20  3:14  Zergling x2  
  20  3:16  Queen  
  23  3:20  Baneling  
  23  3:21  Drone  
  23  3:23  Drone  
  24  3:27  Drone  
  25  3:34  Drone  
  25  3:35  Drone  
  27  3:45  Drone, Overlord  
  27  3:56  Drone  
  28  4:03  Drone x3  
  28  4:06  Queen  
  28  4:07  Drone  
  28  4:09  Drone  
  35  4:16  Overlord  
  35  4:18  Drone  
  35  4:23  Overlord  
  36  4:34  Drone x3, Evolution Chamber  
  36  4:35  Drone  
  36  4:36  Drone  
  41  4:38  Drone  
  41  4:40  Drone  
  42  4:46  Drone  
  42  4:48  Lair  
  42  4:50  Drone  
  44  4:57  Extractor  
  44  4:58  Drone  
  44  4:59  Roach Warren  
  42  5:02  Drone  
  42  5:05  Evolution Chamber  
  43  5:07  Drone  
  43  5:11  Drone  
  44  5:15  Extractor  
  44  5:16  Drone, Overlord  
  44  5:18  Overlord  
  44  5:25  Overlord  
  44  5:32  Overlord, Zerg Missile Weapons Level 1  
  44  5:35  Drone x4  
  47  5:41  Extractor  
  47  5:44  Drone  
  47  5:45  Drone  
  47  5:48  Drone x3  
  51  5:50  Drone  
  51  5:51  Drone  
  51  5:52  Drone  
  54  5:57  Spire  
  54  5:59  Overlord  
  53  6:07  Glial Reconstitution  
  53  6:10  Overlord, Roach  
  55  6:14  Overlord  
  55  6:20  Roach x3  
  61  6:27  Overlord  
  61  6:28  Roach x2  
  65  6:45  Hatchery, Roach  
  65  6:46  Roach x3  
  72  6:51  Drone  
  72  7:03  Drone  
  72  7:08  Mutalisk x3  
  73  7:11  Mutalisk  
  73  7:14  Drone x4  
  85  7:22  Overlord  
  85  7:27  Drone x4, Zerg Missile Weapons Level 2  
  85  7:28  Drone x3  
  92  7:37  Overlord  
  92  7:38  Drone  
  92  7:39  Extractor  
  92  7:45  Roach  
  92  7:48  Roach  
  92  7:50  Zerg Ground Armor Level 1  
  96  7:56  Overlord  
  96  7:57  Roach x4  
  104  8:03  Roach x4  
  112  8:09  Extractor  
  112  8:12  Drone x3  
  113  8:19  Roach  
  115  8:20  Drone  
  115  8:24  Drone x2  
  118  8:27  Drone x4  
  118  8:28  Drone  
  118  8:31  Overlord  
  118  8:34  Hatchery, Roach  
  122  8:35  Roach  
  122  8:37  Overlord  
  126  8:41  Roach  
  126  8:46  Roach x2  
  132  8:55  Roach x4  
  136  9:00  Drone x2  
  136  9:01  Drone  
  136  9:02  Drone x2  
  140  9:03  Roach  
  140  9:06  Overlord  
  140  9:08  Overseer  
  140  9:09  Zergling x2, Roach  
  145  9:13  Overlord  
  145  9:15  Roach x2  
  149  9:17  Ravager x5  
  149  9:22  Overlord x2  
  154  9:25  Ravager x5  
  154  9:28  Roach  
  161  9:33  Roach x3  
  167  9:39  Roach  
  167  9:40  Overlord x3  
  167  9:44  Roach x2  
  173  9:48  Roach x3  
  173  9:51  Roach  
  173  9:52  Roach  
  183  9:57  Roach x3  
  188  10:01  Roach x2  
  192  10:09  Roach x4  
  192  10:12  Overseer  
  198  10:15  Roach  
  200  10:23  Roach  
  198  10:28  Roach  
  198  10:32  Overseer  
  198  10:34  Roach x2  
  200  10:41  Overseer, Roach x14  
  198  10:45  Roach x3  
  198  10:47  Roach  
  198  10:49  Roach  
  190  10:52  Roach  
  190  10:53  Roach x2  
  190  10:54  Roach  
  190  10:56  Roach  
  194  10:57  Roach  
  194  11:01  Spine Crawler  
  194  11:02  Roach  
  195  11:04  Ravager  
  195  11:05  Ravager  
  195  11:07  Roach x2  
  195  11:08  Roach  
  195  11:11  Roach  
  183  11:14  Roach  
  183  11:15  Roach x2  
  183  11:16  Roach  
  153  11:19  Roach  
  153  11:22  Roach  
  153  11:23  Overlord  
  153  11:25  Roach  
  155  11:26  Pneumatized Carapace  
  155  11:28  Overseer  
  155  11:30  Roach  
  155  11:31  Roach  
  159  11:33  Roach  
  159  11:35  Roach  
  159  11:39  Roach x2  
  167  11:41  Roach  
  167  11:42  Roach  
  167  11:44  Roach  
  167  11:45  Roach  
  173  11:47  Roach  
  173  11:49  Roach  
  173  11:50  Roach  
  173  11:51  Roach  
  173  11:54  Roach  
  175  11:55  Roach  
  175  11:57  Roach  
  175  11:58  Roach  
  170  12:02  Roach x2  
  170  12:04  Roach  
  170  12:05  Roach  
  170  12:07  Roach  
  140  12:09  Roach  
  140  12:11  Roach  
  140  12:12  Roach  
  140  12:14  Zergling x2  
  127  12:17  Roach  
  127  12:19  Roach  
  127  12:21  Roach  
  127  12:22  Roach  
  123  12:24  Roach  
  123  12:25  Zergling x2  
  123  12:27  Roach  
  123  12:29  Roach  
  110  12:31  Roach  
  110  12:34  Roach  
  110  12:36  Roach  
  104  12:37  Roach  
  104  12:39  Roach  
  104  12:41  Roach  
  103  12:44  Roach x2  
  103  12:46  Roach  
  103  12:48  Roach  
  103  12:51  Roach x2  
  103  12:53  Roach  
  103  12:55  Roach  
Tags
 
Add a new tag
Caveats
  • Supply blocks, unpowered buildings, or Contaminate may cause inaccurate times.
  • Supply counts are checked every 10 seconds.